 Dungeon Crawl Stone Soup version 0.28.0-49-g6dfe1f597d (webtiles) character file.

Game seed: 13561989189220324086

46 Exodus22XD the Insei (level 3, 23/23 HPs)
             Began as an Octopode Transmuter on May 19, 2022.
             Was a Follower of Trog.
             Quit the game on level 2 of the Dungeon.
             The game lasted 00:04:08 (2535 turns).

Exodus22XD the Insei (Octopode Transmuter)          Turns: 2535, Time: 00:04:09

Health: 23/23      AC:  1    Str:  9    XL:     3   Next: 68%
Magic:  6/6        EV: 13    Int: 17    God:    Trog [*.....]
Gold:   53         SH:  0    Dex: 12    Spells: 0/6 levels left

rFire   . . .      SeeInvis .     - Unarmed
rCold   . . .      Faith    .   (no shield)
rNeg    . . .      Spirit   .   (helmet restricted)
rPois   .          Reflect  .   (no amulet)
rElec   .          Harm     .   (no ring)
rCorr   .          Rampage  .   (no ring)
Will    .....                   (no ring)
Stlth   +++.......              (no ring)
HPRegen 0.07/turn               (no ring)
MPRegen 0.10/turn               (no ring)
                                (no ring)
                                (no ring)

@: no status effects
A: almost no armour, amphibious, 8 rings, camouflage 1, gelatinous body 1,
(nimble swimmer 1), tentacles
a: Renounce Religion, Berserk


You were on level 2 of the Dungeon.
You worshipped Trog.
Trog was aware of your devotion.
You visited 1 branch of the dungeon, and saw 2 of its levels.

You collected 53 gold pieces.

Inventory:

Jewellery
 e - a +6 ring of intelligence
Scrolls
 d - a scroll of blinking {unknown}
 f - a scroll of identify {unknown}
Potions
 a - a potion of might {unknown}
 b - a potion of curing {unknown}
 c - a potion of flight {unknown}


   Skills:
 + Level 1.1 Fighting
 + Level 2.1 Dodging
 + Level 1.4 Stealth
 + Level 3.6 Unarmed Combat
 - Level 2.3 Spellcasting
 - Level 2.4 Transmutations


You couldn't memorise any spells.
You knew the following spells:

 Your Spells              Type           Power      Damage    Failure   Level
a - Beastly Appendage     Tmut           20%        N/A       7%          1
b - Wereblood             Tmut           10%        N/A       11%         2
c - Spider Form           Tmut/Pois      6%         N/A       34%         3

Your spell library contained the following spells:

 Spells                   Type           Power      Damage    Failure   Level
 Passwall                 Tmut/Erth      5%         N/A       17%         2
 Ensorcelled Hibernation  Hex/Ice        2%         N/A       28%         2
 Swiftness                Air            1%         N/A       50%         3
 Ice Form                 Ice/Tmut       6%         N/A       75%         4


Dungeon Overview and Level Annotations

Branches:
Dungeon (2/15)

Altars:
Trog


Innate Abilities, Weirdness & Mutations

You cannot wear most types of armour.
You are amphibious.
You can wear up to eight rings at the same time.
Your skin changes colour to match your surroundings (Stealth+).
Your rubbery body absorbs attacks. (AC +1, EV +1)
((You are camouflaged when in or above water. (Stealth+)))
You have tentacles for arms and can constrict up to eight enemies at once.


Message History

There is a stone staircase leading down here.
As you open the door, it creaks loudly!
No target in view!
No target in view!
No target in view!
There is an open door here.
You open the door.
A ball python comes into view.
There is an open door here.
The ball python bites you. The ball python misses you.
You tentacle-slap the ball python but do no damage.
You grab the ball python. You squeeze the ball python.
You kill the ball python!
No target in view!
f - a scroll labelled DACITI QU FIWK
Found a flail.
No target in view!
No target in view!
No target in view!
A hobgoblin comes into view.
A hobgoblin is nearby!
The hobgoblin shouts!
The hobgoblin hits you.
You tentacle-slap the hobgoblin. You grab the hobgoblin.
You squeeze the hobgoblin.
You kill the hobgoblin!
No target in view!
No target in view!
You open the door.
There is an open door here.
There is an open door here.
You open the door.
Found a faded altar of an unknown god.
There is an open door here.
There is a faded altar of an unknown god here.
You cannot tell which god this altar belongs to.
Convert to them anyway?
Trog accepts your prayer! Trog welcomes you!
You can now go berserk at will.
Are you sure you want to abandon this character and quit the game? (Confirm with "yes".)

.### #.# ##.#####...... ##
######.# #####.#########.. #
#......# #........# ##.
###.####.## #.###.##.# #.
#.........# ##.###.##.# #. #
#.#................##.# #+
## #.#..##.....###...###.#
.###>#.......###_###.....#
..##.##......#8.@.8#.#.###
...#.##....#.#.###.#....####
...'.........#.#4#.#.......+
...#.##......#.###.#....####
..##.........#8...8#.#.##
.########.##.###'###.#####
## #.##.............# #
#.##..........##.# #+
#########.#######..#.###.#
#.


You could see an orange demon (petrified).

Vanquished Creatures
  2 dart slugs
  3 endoplasms (D:1)
  A giant cockroach (D:2)
  8 goblins
  3 hobgoblins
  3 jackals (D:1)
  2 kobolds
  2 quokkas
  7 ball pythons
  2 bats (D:2)
  2 frilled lizards
  3 rats
38 creatures vanquished.

Vanquished Creatures (others)
  2 demonic plants (D:2)
2 creatures vanquished.

Grand Total: 40 creatures vanquished

Notes
Turn   | Place    | Note
-------+----------+-------------------------------------------
     0 | D:1      | Exodus22XD the Octopode Transmuter began the quest for the
                  | Orb.
     0 | D:1      | Reached XP level 1. HP: 13/13 MP: 3/3
   358 | D:1      | Reached XP level 2. HP: 18/18 MP: 3/5
   870 | D:1      | Reached XP level 3. HP: 21/23 MP: 4/6
   962 | D:1      | Learned a level 2 spell: Wereblood
   966 | D:1      | Learned a level 3 spell: Spider Form
  1847 | D:2      | Reached skill level 1 in Stealth
  2524 | D:2      | Found a faded altar of an unknown god.
  2524 | D:2      | Noticed an orange demon
  2533 | D:2      | Prayed at the altar of an unknown god.
  2533 | D:2      | Became a worshipper of Trog the Wrathful
  2533 | D:2      | Reached * piety under Trog
  2535 | D:2      | Quit the game

Illustrated notes

Levels and vault maps discovered:
D:1:      onia_arrival_pyramid, layout_loops_corners
D:2:      layout_loops_corners, dreamdust_ecumenical_altar_sealed_demon,
          nicolae_elevator_lobby_asterisk

Skill      XL: |  1  2  3 |
---------------+----------+-----
Stealth        | 1 |  1.4
Fighting       | |  1.1
Dodging        | |  2.1
Unarmed Combat | |  3.6
Spellcasting   | |  2.3
Transmutations | |  2.4

Action                   || total
-------------------------++-------
Melee: Unarmed           ||    78
       Kick              ||    16
       Constrict         ||    24
       Tentacles         ||    12
       Punch             ||     1
 Cast: Beastly Appendage ||    18
 Stab: Sleeping          ||     4
Armor: Skin              ||     1
Dodge: Dodged            ||    29
